AoeStats
← Toblerone Order

Oasis

507333532Analyzed
2v2 RM · 15d ago on Sep 17, 2026· 42m 14s· 4 players
Game mode
Random Map
Map size
Medium (4 player)
Population
200
Speed
Normal
Resources
Standard
Victory
Conquest
Starting age
Dark Age
Ending age
Imperial Age
RankedLock teamsTeams togetherTeam positionsShared explorationLock speedFull tech treeHidden civsTurbo modeCheats
Victory
Defeat
🇺🇸 Saracens · United States
1527
+14
🇹🇷 Tatars · Türkiye
1484
+16
🇧🇷 Magyars · Brazil
1508
-16
🇧🇷 Italians · Brazil
1466
-14
[KMNB] Dedão
7:45 Loom
10:21 Feudal Age
11:02 Double-Bit Axe
13:59 Wheelbarrow
15:17 Fletching
22:51 Castle Age
20:41 Horse Collar
21:17 Padded Archer Armor
21:24 Gold Mining
22:00 Stone Mining
22:52 Crossbowman
23:28 Bodkin Arrow
25:35 Scale Barding Armor
25:57 Forging
31:42 Bloodlines
33:16 Bow Saw
35:12 Ballistics
35:13 Light Cavalry
42:51 Imperial Age
41:39 Heavy Plow
41:55 Husbandry
[KMNB] Bandeira
4:41 Loom
9:44 Feudal Age
10:35 Double-Bit Axe
14:10 Fletching
17:55 Horse Collar
22:40 Castle Age
20:59 Padded Archer Armor
23:39 Bodkin Arrow
24:06 Leather Archer Armor
24:06 Thumb Ring
25:24 Ballistics
26:50 Crossbowman
31:29 Bow Saw
32:08 Bloodlines
32:27 Scale Barding Armor
35:06 Chain Barding Armor
37:13 Elite Skirmisher
Rhogal
6:27 Loom
9:03 Feudal Age
9:39 Double-Bit Axe
13:46 Fletching
17:24 Horse Collar
22:51 Castle Age
22:22 Padded Archer Armor
22:56 Crossbowman
23:33 Bodkin Arrow
23:49 Heavy Plow
25:55 Wheelbarrow
26:13 Bow Saw
30:43 Gold Mining
31:42 Ballistics
35:01 Sanctity
34:55 Fervor
37:55 Imperial Age
36:41 Thumb Ring
37:33 Leather Archer Armor
37:25 Scale Barding Armor
37:19 Stone Mining
38:21 Gold Shaft Mining
39:17 Hand Cart
38:48 Town Watch
39:39 Husbandry
39:49 Bloodlines
40:21 Bracer
40:56 Forging
40:44 Arbalester
42:38 Conscription
42:59 Ring Archer Armor
42:50 Chain Barding Armor
Toblerone Order
7:27 Loom
9:45 Feudal Age
10:16 Double-Bit Axe
11:46 Horse Collar
15:32 Scale Barding Armor
17:19 Forging
17:28 Gold Mining
21:43 Castle Age
20:10 Padded Archer Armor
20:00 Fletching
21:45 Elite Skirmisher
22:21 Bodkin Arrow
23:20 Leather Archer Armor
22:40 Elite Skirmisher
23:32 Bloodlines
23:22 Husbandry
25:00 Chain Barding Armor
30:26 Ballistics
33:13 Gold Shaft Mining
32:31 Stone Mining
33:56 Wheelbarrow
38:38 Imperial Age
37:23 Hand Cart
38:10 Iron Casting
38:23 Town Watch
38:45 Silk Armor
38:10 Light Cavalry
39:18 Bracer
39:49 Ring Archer Armor
39:16 Elite Keshik
40:16 Conscription
41:05 Plate Barding Armor
41:30 Blast Furnace
41:55 Blast Furnace
42:20 Heavy Plow
Connection lost

Rejoining the realm…

Still unreachable

The connection could not be restored.

Session expired

The server has moved on; the page needs a fresh start.